 Dungeon Crawl Stone Soup version 0.26-a0-682-g294304f6e8 (console) character file.

Game seed: 155948183988911672

331 om the Ducker (level 6, 0/41 HPs)
             Began as an Octopode Transmuter on Oct 20, 2020.
             Slain by an orc priest (2 damage)
             ... on level 4 of the Dungeon.
             The game lasted 00:05:57 (3902 turns).

om the Ducker (Octopode Transmuter)                 Turns: 3902, Time: 00:05:57

Health: 0/41       AC:  1    Str: 16    XL:     6   Next: 52%
Magic:  9/9        EV: 15    Int: 16    God:
Gold:   179        SH:  5    Dex: 13    Spells: 5/9 levels left

rFire    . . .     SeeInvis .   p - -2 spear (curse)
rCold    . . .     Faith    .   (no shield)
rNeg     . . .     Spirit   .   (helmet currently unavailable)
rPois    .         Reflect  +   i - amulet of reflection
rElec    .         Harm     .   a - +6 ring of strength
rCorr    .         Rampage  .   (no ring)
MR       .....                  (no ring)
Stlth    ++........             (no ring)
HPRegen  0.13/turn              (no ring)
MPRegen  0.11/turn              (no ring)
                                (no ring)
                                (no ring)

@: appendages (expiring)
A: almost no armour, stealthy swim, amphibious, 8 rings, constrict 8, tentacle
spike 3, camouflage 1, gelatinous body 1
a: End Transformation


You were on level 4 of the Dungeon.
One of your tentacles had a temporary spike.
You visited 1 branch of the dungeon, and saw 4 of its levels.

You collected 179 gold pieces.

Inventory:

Hand Weapons
 o - a +0 trident
 p - a cursed -2 spear (weapon)
Jewellery
 a - a +6 ring of strength (left tentacle)
 i - an amulet of reflection (around mantle)
Wands
 l - a wand of iceblast (11)
Scrolls
 f - a scroll of enchant weapon {unknown}
 g - a scroll of random uselessness {unknown}
 j - a scroll of immolation {unknown}
 n - a scroll of fog {unknown}
 q - a scroll of remove curse {unknown}
Potions
 b - 2 potions of heal wounds
 c - 3 potions of might
 d - 2 potions of stabbing {unknown}
 e - a potion of brilliance {unknown}
 h - a potion of curing {unknown}
 k - a potion of cancellation {unknown}
 m - a potion of magic {unknown}


   Skills:
 + Level 2.6 Fighting
 * Level 4.1 Dodging
 - Level 4.0 Unarmed Combat
 - Level 2.0 Spellcasting
 * Level 4.0 Transmutations


You had 5 spell levels left.
You knew the following spells:

 Your Spells              Type           Power        Failure   Level
a - Beastly Appendage     Tmut           ##....       4%          1
b - Spider Form           Tmut/Pois      #.........   26%         3

Your spell library contained the following spells:

 Spells                   Type           Power        Failure   Level
 Wereblood                Tmut           ##......     6%          2
 Ice Form                 Ice/Tmut       #.......     65%         4
 Blade Hands              Tmut           ##........   73%         5


Dungeon Overview and Level Annotations

Branches:
Dungeon (4/15)
 Temple: D:4-7

Altars:
Dithmenos
Hepliaklqana
Makhleb
Trog
Uskayaw
Zin


Innate Abilities, Weirdness & Mutations

You cannot wear most types of armour.
You are very stealthy in the water. (Stealth+)
You are amphibious.
You can wear up to eight rings at the same time.
You can use your tentacles to constrict eight enemies at once.
Your skin changes colour to match your surroundings (Stealth+).
Your rubbery body absorbs attacks. (AC +1, EV +1)
One of your tentacles bears a large vicious spike.


Message History

You hear some strange, mumbled words.
A magic dart appears from out of thin air!
The magic dart hits you!
* * * LOW HITPOINT WARNING * * *
You barely miss something.
Your tentacle-slap misses something.
You squeeze something.
Reactivating autopickup.
Your Transmutations skill increases to level 4!
You feel a bit more experienced. The orc priest hits you.
* * * LOW HITPOINT WARNING * * *
You hit the orc priest. Your grab misses the orc priest.
The orc priest is lightly wounded.
The orc misses you. The orc priest hits you.
* * * LOW HITPOINT WARNING * * *
The orc hits you but does no damage. The orc priest hits you.
* * * LOW HITPOINT WARNING * * *
You barely miss the orc priest. You grab the orc priest.
You pierce the orc priest.
The orc priest is heavily wounded.
Your transformation is almost over.
You constrict the orc priest. The orc priest hits you.
You die...

#.. ### #.. ### ##.####
#..# #.# . ##....
#...###.# #.# #<###
#.....#.## ##.####.#
#.#........#####....##.#
#............##........#
#.......oo......###.....#
.......##@)....##
##...... ......#
###....####....>#. ...#..
##........#..### .....
##......##.## #...#
#.....##..# ##...#
#..####....###..# .##...#
#.........##...# .....#
#..####.........## ....##
.# ####.......# ...# ##.#
##......... #.###..#
#.....#....


You could see an orc priest and an orc.

Vanquished Creatures
  Menkaure (D:4)
  A big kobold (D:3)
  An orc wizard (D:4)
  3 adders
  An ooze (D:2)
  2 worms (D:3)
  3 dart slugs (D:1)
  4 leopard geckos
  5 orcs
  3 ball pythons
  2 giant cockroaches
  5 goblins
  5 hobgoblins
  5 jackals
  7 kobolds
  8 bats
  6 frilled lizards
  A jackal skeleton (D:4)
  5 rats
68 creatures vanquished.

Vanquished Creatures (others)
  3 plants (D:3)
3 creatures vanquished.

Grand Total: 71 creatures vanquished

Notes
Turn   | Place    | Note
-------+----------+-------------------------------------------
     0 | D:1      | om the Octopode Transmuter began the quest for the Orb.
     0 | D:1      | Reached XP level 1. HP: 13/13 MP: 3/3
   318 | D:1      | Reached XP level 2. HP: 6/18 MP: 3/5
   776 | D:1      | Reached XP level 3. HP: 23/23 MP: 4/6
  1537 | D:2      | Found a hazy altar of Hepliaklqana.
  1538 | D:2      | Found a hide-covered altar of Uskayaw.
  1540 | D:2      | Found a burning altar of Makhleb.
  1637 | D:2      | Reached XP level 4. HP: 27/28 MP: 5/7
  1876 | D:3      | Noticed a big kobold
  2063 | D:3      | Killed a big kobold
  2063 | D:3      | Reached XP level 5. HP: 27/34 MP: 6/8
  2795 | D:3      | Found a bloodstained altar of Trog.
  2795 | D:3      | Found a glowing silver altar of Zin.
  2796 | D:3      | Found a shadowy altar of Dithmenos.
  3490 | D:3      | Learned a level 3 spell: Spider Form
  3531 | D:3      | Found a faded altar of an unknown god.
  3610 | D:4      | Noticed Menkaure
  3722 | D:4      | Killed Menkaure
  3722 | D:4      | Reached XP level 6. HP: 20/41 MP: 7/9
  3901 | D:4      | HP: 2/41 [orc priest (1)]
  3902 | D:4      | Slain by an orc priest

Illustrated notes

Levels and vault maps discovered:
D:1:      minmay_arrival_open_corners, layout_loops_ring
D:2:      layout_rooms, chequers_temple_overflow_statue_of_worship,
          corexii_leaking_fountain, hangedman_feature_mirror
D:3:      layout_basic, gammafunk_temple_overflow_forgotten,
          chequers_ecumenical_altar_grove, uniq_crazy_yiuf_cottage
D:4:      layout_layer_cave, uniq_natasha, uniq_sigmund, uniq_robin, uniq_pikel,
          uniq_menkaure, uniq_edmund

Skill      XL: |  1  2  3  4  5  6 |
---------------+-------------------+-----
Dodging        | 3 4 |  4.1
Transmutations | 3 4 |  4.0
Fighting       | 2 |  2.6
Unarmed Combat | 4 |  4.0
Spellcasting   | |  2.0

Action                   |  1- 3 |  4- 6 || total
-------------------------+-------+-------++-------
Melee: Unarmed           |    63 |    18 ||    81
       Constrict         |    20 |    20 ||    40
       Kick              |    15 |    13 ||    28
       Tentacles         |     7 |    18 ||    25
       Punch             |     4 |     3 ||     7
       Spear             |       |    59 ||    59
       Trident           |       |    12 ||    12
 Cast: Beastly Appendage |    23 |    15 ||    38
  Use: Scroll            |       |     2 ||     2
 Stab: Sleeping          |     4 |     3 ||     7
       Distracted        |     1 |       ||     1
Armor: Skin              |     6 |     3 ||     9
Dodge: Dodged            |    58 |    61 ||   119
Block: Other             |       |    16 ||    16
       Reflection        |       |     2 ||     2

Table legend: (Time is in decaauts)
 A = Elapsed time spent in this place.
 B = Non-inter-level travel time spent in this place.
 C = Inter-level travel time spent in this place.
 D = Time resting spent in this place.
 E = Time spent auto-exploring this place.
 F = Levels seen in this place.
 G = Mean time per level.
                   A        B        C        D        E       F      G
               +--------+--------+--------+--------+--------+-----+--------+
         Total |   3915 |   3747 |    168 |   1575 |   1563 |   4 |  978.8 |
       Dungeon |   3915 |   3747 |    168 |   1575 |   1563 |   4 |  978.8 |
               +--------+--------+--------+--------+--------+-----+--------+

Top non-repeatable levels by time:
     D:3: 1670 daAuts
     D:1: 1352 daAuts
     D:2: 654 daAuts
     D:4: 238 daAuts
